 Dungeon Crawl Stone Soup version 0.23-a0-550-g7de1f8e (webtiles) character file.

766 pmoppi the Chopper (level 7, -7/61 HPs)
             Began as a Hill Orc Monk on Dec 10, 2018.
             Mangled by a worm (9 damage)
             ... on level 5 of the Dungeon.
             The game lasted 00:06:12 (4232 turns).

pmoppi the Chopper (Hill Orc Monk)                  Turns: 4232, Time: 00:06:13

Health: -7/61      AC:  8    Str: 16    XL:     7   Next: 82%
Magic:  7/7        EV: 11    Int: 10    God:
Gold:   223        SH:  4    Dex: 13    Spells: 6/6 levels left

rFire    . . .     SeeInvis .   b - +1 war axe
rCold    . . .     Gourm    .   q - +0 buckler
rNeg     . . .     Faith    .   e - +0 scale mail
rPois    .         Spirit   .   x - +0 helmet
rElec    .         Reflect  .   (no cloak)
rCorr    .         Harm     .   (no gloves)
MR       .....                  (no boots)
Stlth    ..........             (no amulet)
HPRegen  0.20/turn              (no ring)
MPRegen  0.10/turn              (no ring)

@: no status effects
A: no striking features
a: no special abilities


You were on level 5 of the Dungeon.
You were not hungry.

You visited 1 branch of the dungeon, and saw 5 of its levels.

You collected 223 gold pieces.

Inventory:

Hand Weapons
 a - a +0 hand axe of venom
 b - a +1 war axe (weapon)
 o - a +1 hand axe of flaming
Armour
 e - a +0 scale mail (worn)
 q - a +0 buckler (worn)
 x - a +0 helmet (worn)
Jewellery
 f - a +3 ring of protection {unknown}
 i - a cursed -3 ring of strength {unknown}
Wands
 p - a wand of iceblast (10)
 v - a wand of polymorph (12)
 y - a wand of paralysis (7)
Scrolls
 d - 6 scrolls of identify
 k - 2 scrolls of immolation
Potions
 h - 5 potions of brilliance
 m - a potion of haste
 r - a potion of mutation
 t - a potion of agility
 u - 2 potions of curing
Comestibles
 c - 8 rations


   Skills:
 + Level 5.5 Fighting
 * Level 7.8 Axes
 + Level 3.6 Armour
 + Level 3.8 Dodging
 - Level 1.5 Stealth
 + Level 2.5 Shields


You had 6 spell levels left.
You didn't know any spells.
Your spell library was empty.

Dungeon Overview and Level Annotations

Branches:
Dungeon (5/15)
 Temple: D:4-7

Altars:
Fedhas


Message History

The adder bites the freed slave but does no damage.
Something hits the plant but does no damage.
The worm bites you.
* * * LOW HITPOINT WARNING * * *
The freed slave hits the worm but does no damage.
The freed slave hits the adder!
The freed slave hits the orc wizard.
The orc wizard hits the freed slave with a +0 dagger.
Items here: ) [[ †† a +2 whip of flaming; a +2 robe of cold resistance; a +0 animal skin the big kobold corpse of Pikel; a human corpse You hit the worm.
The worm is almost dead.
The adder bites the freed slave but does no damage.
Something hits the plant but does no damage.
The adder misses the freed slave.
The freed slave hits the worm but does no damage.
The freed slave completely misses the orc wizard.
The orc wizard hits the freed slave with a +0 dagger.
The freed slave misses the adder.
The worm bites you!
You die...

... #.# #.S #p#
#.# #p# #w# #@#
#p# #o# #o#
#####
###l###...####.
#.oWo.+........
#..oo.#.......#
#.P.P.........+
#.._..........#


You could see a phantom, a worm, an iguana, 2 orc wizards, an adder, 4 orcs and
3 neutral freed slaves.

Vanquished Creatures
  Pikel (D:5)
  A slave (D:5)
  A crocodile (D:4)
  A howler monkey (D:5)
  A worker ant (D:4)
  Terence (D:2)
  12 adders
  A worm (D:2)
  2 dart slugs (D:2)
  2 leopard geckos (D:3)
  8 orcs
  9 bats
  A giant cockroach (D:2)
  6 goblins
  7 hobgoblins
  10 jackals
  5 kobolds
  A quokka (D:3)
  A ball python (D:2)
  4 frilled lizards
  2 rats (D:1)
77 creatures vanquished.

Vanquished Creatures (others)
  A leopard gecko zombie (D:5)
1 creature vanquished.

Grand Total: 78 creatures vanquished

Notes
Turn   | Place    | Note
-------+----------+-------------------------------------------
     0 | D:1      | pmoppi the Hill Orc Monk began the quest for the Orb.
     0 | D:1      | Reached XP level 1. HP: 19/19 MP: 1/1
   209 | D:1      | Reached XP level 2. HP: 23/27 MP: 2/2
   687 | D:1      | HP: 1/27 [poisoned by a kobold]
  1300 | D:2      | Reached skill level 1 in Armour
  1300 | D:2      | Reached XP level 3. HP: 16/33 MP: 3/3
  1901 | D:2      | Noticed Terence
  1915 | D:2      | Killed Terence
  1915 | D:2      | Reached skill level 5 in Axes
  1915 | D:2      | Reached XP level 4. HP: 31/40 MP: 4/4
  2709 | D:2      | Reached XP level 5. HP: 45/47 MP: 5/5
  3194 | D:3      | Reached skill level 6 in Axes
  3592 | D:4      | Reached XP level 6. HP: 37/53 MP: 6/6
  3802 | D:4      | Reached skill level 1 in Shields
  4162 | D:5      | Entered Level 5 of the Dungeon
  4191 | D:5      | Found a blossoming altar of Fedhas.
  4210 | D:5      | Noticed a slave
  4211 | D:5      | Noticed a slave
  4212 | D:5      | Noticed a phantom
  4213 | D:5      | Noticed Pikel
  4214 | D:5      | Noticed a slave
  4215 | D:5      | Noticed a slave
  4217 | D:5      | Killed a slave
  4229 | D:5      | Killed Pikel
  4229 | D:5      | Reached skill level 5 in Fighting
  4229 | D:5      | Reached skill level 7 in Axes
  4229 | D:5      | Reached XP level 7. HP: 3/61 MP: 7/7
  4230 | D:5      | HP: 3/61 [orc wizard/+0 dagger (1)]
  4232 | D:5      | Mangled by a worm

Vault maps used:
D:1:      nzn_arrival_crosshair, minmay_splitting_lines
D:2:      minmay_alternating_diamond, first_ration, columned_hall_lemuel,
          uniq_terence
D:3:      minmay_quantized
D:4:      grunt_decor_mini_mirrors
D:5:      fedhas_altar_1, uniq_pikel, uniq_duvessa

Skill      XL: |  1  2  3  4  5  6 |
---------------+-------------------+-----
Armour         | 1 2 3 |  3.6
Fighting       | 4 5 |  5.5
Axes           | 5 6 7 |  7.8
Dodging        | 3 |  3.8
Shields        | 2 |  2.5
Stealth        | |  1.5

Action                   |  1- 3 |  4- 6 |  7- 9 || total
-------------------------+-------+-------+-------++-------
Melee: Hand axe          |   112 |   149 |       ||   261
       War axe           |       |    24 |     2 ||    26
  Use: Potion            |     1 |       |       ||     1
       Scroll            |       |    12 |       ||    12
  Eat: Chunk             |     3 |     8 |       ||    11
Armor: Robe              |     2 |       |       ||     2
       Scale mail        |    58 |    78 |     1 ||   137
Dodge: Dodged            |    87 |   104 |     1 ||   192
Block: Buckler           |       |     6 |       ||     6

Table legend:
 A = Non-vault XP
 B = Vault XP
 C = Vault XP percentage of total XP
 D = Non-vault monster count
 E = Vault monster count
 F = Vault count percentage of total count
                 A         B        C        D         E       F
            +---------+---------+-------+---------+---------+-------
      Total |     439 |     656 |  59.9 |      65 |      11 |  14.5
            +---------+---------+-------+---------+---------+-------
        D:1 |      27 |       0 |   0.0 |      16 |       0 |   0.0
        D:2 |      88 |      52 |  37.1 |      22 |       7 |  24.1
        D:3 |      88 |      18 |  17.0 |      16 |       3 |  15.8
        D:4 |     172 |       0 |   0.0 |       9 |       0 |   0.0
        D:5 |      64 |     586 |  90.2 |       2 |       1 |  33.3
            +---------+---------+-------+---------+---------+-------
